 Dungeon Crawl Stone Soup version 0.31-a0-656-gb4d89c20fa (webtiles) character file.

Game seed: 3012208819700611625

13680 cforsyth the Prestidigitator (level 12, -2/81 HPs)
             Began as a Gnoll Artificer on Aug 30, 2023.
             Was a Believer of Hepliaklqana.
             Engulfed by a cloud of freezing vapour (9 damage)
             ... in an ice cave on Aug 31, 2023.
             The game lasted 00:37:07 (17972 turns).

cforsyth the Prestidigitator (Gnoll Artificer)     Turns: 17972, Time: 00:37:07

Health: -2/81      AC: 24    Str: 13    XL:     12   Next: 8%
Magic:  31/31      EV:  7    Int: 15    God:    Hepliaklqana [**....]
Gold:   530        SH: 10    Dex: 12    Spells: 25/25 levels left

rFire   . . .        I - +1 broad axe (flame)
rCold   + . .        C - +0 kite shield
rNeg    . . .        G - +2 chain mail {rC+}
rPois   .            f - +2 helmet
rElec   .            n - +0 cloak
rCorr   .            E - +0 pair of gloves
SInv    .            B - +0 pair of boots "Bueski" {Rampage Will+}
Will    +....        (no amulet)
Stlth   +            D - +4 ring of protection
HPRegen 0.33/turn    d - ring of magical power
MPRegen 0.22/turn

%: rampage
@: no status effects
A: reduced essence, fangs 1, strong nose, distributed training
a: Renounce Religion, Recall Ancestor, Ancestor Identity


You were in an ice cave.
You worshipped Hepliaklqana.
Hepliaklqana was pleased with you.
You visited 2 branches of the dungeon, and saw 12 of its levels.
You also visited: Sewer and Ice Cave.

You collected 640 gold pieces.
You spent 110 gold pieces at shops.

Inventory:

Hand Weapons
 q - a +3 falchion of freezing
 r - a +3 dagger
 w - a +0 dagger of venom
 z - a +0 whip of flaming
 I - a +1 broad axe of flaming (weapon)
Missiles
 A - 5 throwing nets
Armour
 f - a +2 helmet (worn)
 n - a +0 cloak (worn)
 B - the +0 pair of boots "Bueski" (worn) {Rampage Will+}
   (You found it on level 5 of the Dungeon)

   Will+:     It increases your willpower.
   Rampage:   It bestows one free step when moving towards enemies.
 C - a +0 kite shield (worn)
 E - a +0 pair of gloves (worn)
 G - a +2 chain mail of cold resistance (worn)
Jewellery
 d - a ring of magical power (right hand)
 D - a +4 ring of protection (left hand)
 F - a ring of fire
Wands
 e - a wand of iceblast (7)
 i - a wand of flame (7)
 x - a wand of polymorph (2)
Scrolls
 h - a scroll of blinking
 m - 3 scrolls of teleportation
 y - a scroll of fear
 H - 3 scrolls of amnesia
 L - 2 scrolls of fog
 M - a scroll of vulnerability
Potions
 c - 4 potions of magic
 g - a potion of brilliance {unknown}
 j - a potion of enlightenment {unknown}
 k - 10 potions of curing
 l - 3 potions of lignification
 o - 3 potions of heal wounds
 s - 2 potions of resistance
 t - a potion of degeneration {unknown}
 u - a potion of might {unknown}
 v - 2 potions of invisibility
 J - 2 potions of attraction
 K - 2 potions of haste {unknown}


   Skills:
 + Level 7.5 Fighting
 + Level 7.0 Short Blades
 + Level 7.0 Long Blades
 + Level 7.0 Axes
 + Level 7.0 Maces & Flails
 + Level 7.0 Polearms
 + Level 7.0 Staves
 + Level 7.0 Ranged Weapons
 + Level 7.0 Throwing
 + Level 8.5 Armour
 + Level 7.5 Dodging
 + Level 7.5 Stealth
 + Level 7.0 Shields
 + Level 7.0 Unarmed Combat
 + Level 7.0 Spellcasting
 + Level 5.8 Conjurations
 + Level 5.8 Hexes
 + Level 5.8 Summonings
 + Level 5.8 Necromancy
 + Level 5.8 Translocations
 + Level 5.8 Transmutations
 + Level 5.8 Fire Magic
 + Level 5.8 Ice Magic
 + Level 5.8 Air Magic
 + Level 5.8 Earth Magic
 + Level 5.8 Poison Magic
 + Level 7.7 Invocations
 + Level 9.7 Evocations
 + Level 6.4 Shapeshifting


You had 25 spell levels left.
You didn't know any spells.
Your spell library contained the following spells:

 Spells                   Type           Power      Damage    Failure   Level
 Sting                    Tmut/Pois      88%        1d7       41%         1
 Ensorcelled Hibernation  Hex/Ice        44%        N/A       56%         2
 Passwall                 Tmut/Erth      18%        N/A       56%         2
 Poisonous Vapours        Pois/Air       44%        N/A       56%         2
 Hailstorm                Conj/Ice       22%        3d7       80%         3
 Ozocubu's Armour         Ice            22%        N/A       80%         3
 Swiftness                Air            22%        N/A       80%         3
 Volatile Blastmotes      Fire/Tloc      44%        2d13      80%         3
 Fulminant Prism          Conj/Hex       11%        3d9       99%         4
 Iskenderun's Mystic Bla  Conj/Tloc      22%        2d6       99%         4
 Olgreb's Toxic Radiance  Pois           22%        N/A       99%         4
 Summon Ice Beast         Ice/Summ       22%        N/A       99%         4
 Metabolic Englaciation   Hex/Ice        11%        N/A       100%        5
 Simulacrum               Ice/Necr       11%        N/A       100%        6
 Discord                  Hex            11%        N/A       100%        8
 Ignition                 Fire           11%        3d5       100%        8


Dungeon Overview and Level Annotations

Branches:
Dungeon (11/15)            Temple (1/1) D:7            Lair (0/5) D:9
    Orc (0/2) D:10          Sewer (visited)           IceCv (1/1)

Altars:
Ashenzari
Cheibriados
Dithmenos
Elyvilon
Fedhas
Gozag
Hepliaklqana
Kikubaaqudgha
Makhleb
Nemelex Xobeh
Okawaru
Qazlal
Ru
Sif Muna
Trog
Uskayaw
Vehumet
Wu Jian
Xom
Yredelemnul
Zin
The Shining One

Shops:
D:6 (   D:7 :   D:8 *   D:9 *

Annotations:
D:4 3 runed translucent doors, Doj's ghost, weakling TrWr
D:10 2 transporters, cforsyth's ghost, journeyman GnAr


Innate Abilities, Weirdness & Mutations

Your life essence is reduced to manifest your ancestor. (-10% HP)
You have very sharp teeth.
Your uncanny sense of smell can sniff out nearby items.
Your experience applies equally to all skills.


Message History

Shedsu-nefertum is destroyed!
You hit the ice statue.
You melt the ice statue.
The ice statue is almost destroyed.
You hit the ice beast but do no damage. You hit the ice beast.
You melt the ice beast.
The ice beast hits you but does no damage. x3
The ice statue gestures at you. The shard of ice hits you!
You partially resist.
The ice beast hits you but does no damage.
You completely miss the ice statue.
You bite the ice statue, but do no damage.
The ice statue is almost destroyed.
You barely miss the ice beast. You closely miss the ice beast.
The ice beast barely misses you. You block the ice beast's attack.
You hit the ice statue but do no damage.
The ice statue is almost destroyed.
You barely miss the ice beast. You closely miss the ice beast.
The ice beast hits you but does no damage.
You block the ice beast's attack. The ice beast hits you.
The ice beast freezes you. You resist. The ice statue gestures at you.
The freezing blast engulfs you. You resist.
You slash the ice statue!
You melt the ice statue.
You destroy the ice statue!
The ice beast disappears in a puff of smoke! x3
You are engulfed in freezing vapours.
You resist.
You slash the great orb of eyes simulacrum!
You melt the great orb of eyes simulacrum.
The great orb of eyes simulacrum is moderately damaged.
You are engulfed in freezing vapours.
You resist.
The great orb of eyes simulacrum bites you!
* * * LOW HITPOINT WARNING * * *
The great orb of eyes simulacrum freezes you!
You resist.
* * * LOW HITPOINT WARNING * * *
You hit the great orb of eyes simulacrum.
You melt the great orb of eyes simulacrum.
The great orb of eyes simulacrum is heavily damaged.
You are engulfed in freezing vapours.
You resist.
You die...

.## ....# .....○#######
#....°Z@○○..######
##...○°.°........###
###########.......###
########### ###.......#
###.........# ###....####
##...........### ###....###..
#......###.....###....###....
#.....######.........##....#.
#....###.[.###....####....##.


You could see a great orb of eyes simulacrum.

Vanquished Creatures
  A boulder beetle (D:9)
  Pikel (D:5)
  2 ice statues (IceCv)
  2 ice devils (D:11)
  A troll (D:10)
  Grinder (D:5)
  4 shadows
  A spriggan (shapeshifter) (D:8)
  13 yaks
  2 vampire mosquitoes (D:10)
  A steam dragon (D:6)
  An orc warrior (D:8)
  A sky beast (D:7)
  A black bear (D:6)
  9 ice beasts
  3 ogres
  A great orb of eyes simulacrum (IceCv)
  2 centaurs
  3 slime creature simulacra (IceCv)
  2 kobold brigands
  4 phantoms
  Blork the orc (D:4)
  A bullfrog (D:8)
  3 glowing shapeshifter simulacra (IceCv)
  A gnoll sergeant (D:8)
  6 scorpions
  8 wights
  A killer bee (D:8)
  2 howler monkeys (D:9)
  3 electric eels
  6 hounds
  2 jellies
  3 orc priests
  A gnoll bouda (D:7)
  Jessica (D:2)
  2 iguanas
  Natasha (thrice) (D:4)
  A shapeshifter simulacrum (IceCv)
  6 orc wizards
  An ogre zombie (D:10)
  12 adders
  14 gnolls
  4 shadow imps (Sewer)
  2 white imps (D:6)
  3 ufetubi
  4 worms
  3 dart slugs
  31 orcs
  6 bats
  A bat zombie (Sewer)
  10 endoplasms
  5 giant cockroaches
  6 goblins
  4 hobgoblins
  3 jackals (D:2)
  27 kobolds
  2 quokkas
  8 ball pythons
  3 frilled lizards
  2 goblin skeletons (D:10)
  A goblin zombie (D:10)
  A hobgoblin zombie (D:10)
  A kobold zombie (Sewer)
  An orc skeleton (D:10)
  9 orc zombies (D:10)
  6 rats
277 creatures vanquished.

Vanquished Creatures (collateral kills)
  A quicksilver ooze (IceCv)
  An ice statue (IceCv)
  A komodo dragon (D:9)
  2 trolls
  2 shadows
  4 yaks
  An ice beast (D:9)
  2 great orb of eyes simulacra (IceCv)
  2 slime creature simulacra (IceCv)
  2 wights (D:8)
  A howler monkey (D:9)
  4 orc priests
  2 orc wizards (D:9)
  A shapeshifter simulacrum (IceCv)
  5 ogre zombies (D:10)
  2 gnolls (D:9)
  A river rat (D:6)
  An ufetubus (Sewer)
  A worm (D:6)
  6 orcs
  An endoplasm (Sewer)
  A giant cockroach (D:6)
  6 kobolds (Sewer)
  A hobgoblin zombie (D:10)
  A kobold zombie (Sewer)
  An orc skeleton (D:10)
  3 orc zombies (D:10)
  4 rats (D:6)
60 creatures vanquished.

Vanquished Creatures (others)
  A centaur (D:7)
  A kobold brigand (Sewer)
  2 wights (D:8)
  A battlemage (IceCv)
  2 ancestors (D:9)
  2 river rats (D:6)
9 creatures vanquished.

Grand Total: 346 creatures vanquished

Notes
Turn   | Place    | Note
-------+----------+-------------------------------------------
     0 | D:1      | cforsyth the Gnoll Artificer began the quest for the Orb.
     0 | D:1      | Reached XP level 1. HP: 17/17 MP: 1/1
    67 | D:1      | Reached XP level 2. HP: 23/23 MP: 2/2
  1088 | D:2      | Reached XP level 3. HP: 18/28 MP: 3/3
  1473 | D:2      | Found a faded altar of an unknown god.
  1490 | D:2      | Reached skill level 1 in Invocations
  1609 | D:2      | Reached skill level 1 in Short Blades
  1609 | D:2      | Reached skill level 1 in Long Blades
  1609 | D:2      | Reached skill level 1 in Axes
  1609 | D:2      | Reached skill level 1 in Maces & Flails
  1609 | D:2      | Reached skill level 1 in Polearms
  1609 | D:2      | Reached skill level 1 in Staves
  1609 | D:2      | Reached skill level 1 in Ranged Weapons
  1609 | D:2      | Reached skill level 1 in Throwing
  1609 | D:2      | Reached skill level 1 in Shields
  1609 | D:2      | Reached skill level 1 in Unarmed Combat
  1609 | D:2      | Reached skill level 1 in Spellcasting
  1688 | D:2      | Noticed Jessica
  1701 | D:2      | Killed Jessica
  1702 | D:2      | Reached skill level 1 in Shapeshifting
  1702 | D:2      | Reached XP level 4. HP: 23/34 MP: 5/5
  1820 | D:2      | Reached skill level 1 in Conjurations
  1820 | D:2      | Reached skill level 1 in Hexes
  1820 | D:2      | Reached skill level 1 in Summonings
  1820 | D:2      | Reached skill level 1 in Necromancy
  1820 | D:2      | Reached skill level 1 in Translocations
  1820 | D:2      | Reached skill level 1 in Transmutations
  1820 | D:2      | Reached skill level 1 in Fire Magic
  1820 | D:2      | Reached skill level 1 in Ice Magic
  1820 | D:2      | Reached skill level 1 in Air Magic
  1820 | D:2      | Reached skill level 1 in Earth Magic
  1820 | D:2      | Reached skill level 1 in Poison Magic
  2663 | D:2      | Reached XP level 5. HP: 19/40 MP: 5/7
  3862 | D:4      | Found a stormy altar of Qazlal.
  3878 | D:4      | Noticed Natasha
  3890 | D:4      | Killed Natasha
  3891 | D:4      | Reached XP level 6. HP: 45/47 MP: 8/8
  3997 | D:4      | Reached skill level 5 in Armour
  4160 | D:4      | Noticed Natasha
  4172 | D:4      | Killed Natasha
  4184 | D:4      | Noticed Natasha
  4186 | D:4      | Killed Natasha
  4295 | D:4      | Noticed Blork the orc
  4310 | D:4      | Killed Blork the orc
  4311 | D:4      | Reached XP level 7. HP: 25/52 MP: 10/10
  4487 | D:4      | Noticed Doj's ghost (weakling TrWr)
  4574 | D:4      | Found a runed translucent gate.
  4574 | D:4      | Found a runed translucent gate.
  4574 | D:4      | Found a runed translucent gate.
  5093 | D:5      | Entered Level 5 of the Dungeon
  5096 | D:5      | Reached skill level 7 in Evocations
  5434 | D:5      | Noticed Grinder
  5441 | D:5      | Killed Grinder
  5458 | D:5      | Reached XP level 8. HP: 33/60 MP: 12/12
  5589 | D:5      | Noticed Pikel
  5665 | D:5      | Killed Pikel
  5721 | D:5      | Identified the +0 pair of boots "Bueski" {Rampage Will+}
  6510 | D:6      | Reached XP level 9. HP: 38/66 MP: 14/14
  6621 | D:6      | Found a glowing drain.
  6672 | Sewer    | Entered a sewer
  6926 | Sewer    | Found an ancient bone altar of Kikubaaqudgha.
  7259 | Sewer    | Reached skill level 5 in Fighting
  7259 | Sewer    | Reached skill level 5 in Dodging
  7525 | D:6      | Found Idoxu's Weapon Emporium.
  7587 | D:6      | Found an opulent altar of Gozag.
  7640 | D:6      | Reached skill level 5 in Stealth
  8193 | D:6      | Reached skill level 8 in Evocations
  9443 | D:7      | Found Cugiareg's Book Shop.
  9458 | D:7      | Reached skill level 5 in Invocations
  9469 | D:7      | Found a staircase to the Ecumenical Temple.
  9479 | Temple   | Entered the Ecumenical Temple
  9494 | Temple   | Became a worshipper of Hepliaklqana the Forgotten
 10808 | D:8      | Found Lofir's Hallowed Reliquary.
 10811 | D:8      | Noticed an angel
 11066 | D:7      | Reached XP level 10. HP: 66/75 MP: 17/17
 11084 | D:6      | Bought a +0 broad axe of flaming for 110 gold pieces
 11145 | D:7      | Reached skill level 5 in Short Blades
 11145 | D:7      | Reached skill level 5 in Long Blades
 11145 | D:7      | Reached skill level 5 in Axes
 11145 | D:7      | Reached skill level 5 in Maces & Flails
 11145 | D:7      | Reached skill level 5 in Polearms
 11145 | D:7      | Reached skill level 5 in Staves
 11145 | D:7      | Reached skill level 5 in Ranged Weapons
 11145 | D:7      | Reached skill level 5 in Throwing
 11145 | D:7      | Reached skill level 5 in Shields
 11145 | D:7      | Reached skill level 5 in Unarmed Combat
 11145 | D:7      | Reached skill level 5 in Spellcasting
 12518 | D:9      | Reached * piety under Hepliaklqana
 12709 | D:9      | Noticed a boulder beetle
 12757 | D:9      | Killed a boulder beetle
 12758 | D:9      | Reached skill level 5 in Shapeshifting
 14073 | D:9      | Reached XP level 11. HP: 64/74 MP: 19/19
 14189 | D:9      | Reached skill level 9 in Evocations
 14220 | D:9      | Reached skill level 5 in Conjurations
 14220 | D:9      | Reached skill level 5 in Hexes
 14220 | D:9      | Reached skill level 5 in Summonings
 14220 | D:9      | Reached skill level 5 in Necromancy
 14220 | D:9      | Reached skill level 5 in Translocations
 14220 | D:9      | Reached skill level 5 in Transmutations
 14220 | D:9      | Reached skill level 5 in Fire Magic
 14220 | D:9      | Reached skill level 5 in Ice Magic
 14220 | D:9      | Reached skill level 5 in Air Magic
 14220 | D:9      | Reached skill level 5 in Earth Magic
 14220 | D:9      | Reached skill level 5 in Poison Magic
 14465 | D:9      | Found Paroufo's Elemental Accessories.
 14482 | D:9      | Found a staircase to the Lair.
 14664 | D:10     | Entered Level 10 of the Dungeon
 14697 | D:10     | Found a bloodstained altar of Trog.
 14697 | D:10     | Noticed a two-headed ogre
 14699 | D:10     | Noticed a two-headed ogre
 14699 | D:10     | Noticed a moth of wrath
 14704 | D:10     | Found a transporter.
 14707 | D:10     | Found a transporter.
 15199 | D:10     | Found a staircase to the Orcish Mines.
 16319 | D:10     | Noticed a tengu warrior
 16492 | D:10     | Noticed cforsyth's ghost (journeyman GnAr)
 16734 | D:11     | Reached ** piety under Hepliaklqana
 16735 | D:11     | Remembered your ancestor Shedsu-nefertum as a battlemage
 16927 | D:11     | Found a frozen archway.
 16967 | IceCv    | Entered an ice cave
 17166 | IceCv    | Noticed a quicksilver ooze
 17172 | IceCv    | Killed a quicksilver ooze
 17676 | IceCv    | Reached XP level 12. HP: 63/81 MP: 22/22
 17972 | IceCv    | Engulfed by a cloud of freezing vapour

Illustrated notes

Levels and vault maps discovered:
D:1:      tarquinn_simple_flora_water_b, layout_basic, minmay_vboxes
D:2:      layout_basic, ebering_ecumenical_altar_sacrificial,
          nicolae_elevator_lobby_plus, uniq_jessica
D:3:      layout_basic
D:4:      layout_cave_pods, overflow_temple_1_default, gammafunk_ghost_icy,
          minmay_misc_feat_four_crosses, uniq_natasha, uniq_blork_the_orc
D:5:      layout_rooms, chequers_decorated_corner, skrybe_limestone_x,
          nicolae_twisty_statue_hallways, uniq_pikel, uniq_grinder
D:6:      layout_loops_ring, mainiacjoe_overflow_chevrons, portal_sewer_entry_b,
          serial_shops, shop, solitary_fountain, lightli_minifort
D:7:      layout_rooms, minmay_temple_entry_junction_2, serial_shops,
          nicolae_book_shop_shelving
D:8:      layout_basic, nicolae_good_shop
D:9:      minmay_twisted_water, layout_small_grid, david_lair_shrubbed,
          nicolae_elemental_shop
D:10:     layout_basic, zombieorc1_lemuel, gammafunk_ghost_wrathful_warriors
D:11:     layout_irregular_city, portal_ice_cave_demonic_guard
Temple:   nicolae_temple_bog_church
IceCv:    ice_cave_hellmonk_azure_passage

Skill      XL: |  1  2  3  4  5  6  7  8  9 10 11 12 |
---------------+-------------------------------------+-----
Invocations    | 1 2 3 4 5 6 7 |  7.7
Short Blades   | 1 2 3 4 5 6 7 |  7.0
Long Blades    | 1 2 3 4 5 6 7 |  7.0
Axes           | 1 2 3 4 5 6 7 |  7.0
Maces & Flails | 1 2 3 4 5 6 7 |  7.0
Polearms       | 1 2 3 4 5 6 7 |  7.0
Staves         | 1 2 3 4 5 6 7 |  7.0
Ranged Weapons | 1 2 3 4 5 6 7 |  7.0
Throwing       | 1 2 3 4 5 6 7 |  7.0
Shields        | 1 2 3 4 5 6 7 |  7.0
Unarmed Combat | 1 2 3 4 5 6 7 |  7.0
Spellcasting   | 1 2 3 4 5 6 7 |  7.0
Shapeshifting  | 1 2 3 4 5 6 |  6.4
Conjurations   | 1 2 3 4 5 |  5.8
Hexes          | 1 2 3 4 5 |  5.8
Summonings     | 1 2 3 4 5 |  5.8
Necromancy     | 1 2 3 4 5 |  5.8
Translocations | 1 2 3 4 5 |  5.8
Transmutations | 1 2 3 4 5 |  5.8
Fire Magic     | 1 2 3 4 5 |  5.8
Ice Magic      | 1 2 3 4 5 |  5.8
Air Magic      | 1 2 3 4 5 |  5.8
Earth Magic    | 1 2 3 4 5 |  5.8
Poison Magic   | 1 2 3 4 5 |  5.8
Fighting       | 3 4 5 6 7 |  7.5
Dodging        | 3 4 5 6 7 |  7.5
Stealth        | 3 4 5 6 7 |  7.5
Armour         | 5 6 7 8 |  8.5
Evocations     | 7 8 9 |  9.7

Action                     |  1- 3 |  4- 6 |  7- 9 | 10-12 || total
---------------------------+-------+-------+-------+-------++-------
  Melee: Club              |   165 |    35 |       |       ||   200
         Bite              |    18 |    19 |   109 |   103 ||   249
         Punch             |     2 |     6 |     3 |       ||    11
         Dagger            |       |   200 |    83 |       ||   283
         Whip              |       |       |   759 |       ||   759
         Falchion          |       |       |       |   472 ||   472
         Broad axe         |       |       |       |   128 ||   128
 Invoke: Recall Ancestor   |       |       |       |     8 ||     8
         Ancestor Life: Ba |       |       |       |     1 ||     1
  Evoke: Wand              |     2 |     4 |    45 |    28 ||    79
    Use: Scroll            |       |       |    13 |     6 ||    19
         Potion            |       |       |       |     1 ||     1
   Stab: Sleeping          |     2 |       |       |       ||     2
         Distracted        |       |       |       |     5 ||     5
 Armour: Leather armour    |    73 |    11 |       |       ||    84
         Chain mail        |       |   129 |   689 |   363 ||  1181
  Dodge: Dodged            |   157 |    79 |   250 |   124 ||   610
  Block: Kite shield       |       |       |   449 |   270 ||   719

Table legend: (Time is in decaauts)
 A = Elapsed time spent in this place.
 B = Non-inter-level travel time spent in this place.
 C = Inter-level travel time spent in this place.
 D = Time resting spent in this place.
 E = Time spent auto-exploring this place.
 F = Levels seen in this place.
 G = Mean time per level.
                   A        B        C        D        E       F      G
               +--------+--------+--------+--------+--------+-----+--------+
         Total |  18267 |  17888 |    379 |   3630 |   9921 |  14 | 1304.8 |
       Dungeon |  16396 |  16046 |    350 |   3208 |   9013 |  11 | 1490.5 |
        Temple |     30 |      1 |     29 |      0 |      0 |   1 |   30.0 |
         Sewer |    814 |    814 |      0 |      0 |    544 |   1 |  814.0 |
      Ice Cave |   1025 |   1025 |      0 |    422 |    363 |   1 | 1025.0 |
               +--------+--------+--------+--------+--------+-----+--------+

Top non-repeatable levels by time:
     D:6: 2527 daAuts
     D:8: 2117 daAuts
    D:10: 1698 daAuts
     D:4: 1668 daAuts
     D:9: 1635 daAuts
     D:2: 1524 daAuts
     D:7: 1509 daAuts
     D:3: 1204 daAuts
     D:5: 1170 daAuts
     D:1: 1086 daAuts
   IceCv: 1025 daAuts
   Sewer: 814 daAuts
    D:11: 254 daAuts
  Temple: 30 daAuts
